 Dungeon Crawl Stone Soup version 0.30-a0-335-ge5acde7520 (webtiles) character file.

Game seed: 15416265666952370002

4697 McGhostyFace the Thaumaturge (level 10, -2/77 HPs)
             Began as a Gnoll Hedge Wizard on Oct 30, 2022.
             Was a Believer of Ashenzari.
             Slain by a vampire (3 damage)
             ... on level 9 of the Dungeon.
             The game lasted 00:37:39 (11172 turns).

McGhostyFace the Thaumaturge (Gnoll Hedge Wizard)  Turns: 11172, Time: 00:37:40

Health: -2/77      AC:  6    Str: 15    XL:     10   Next: 45%
Magic:  22/24      EV: 14    Int: 18    God:    Ashenzari [**....]
Gold:   291        SH:  5    Dex: 12    Spells: 19/29 levels left

rFire   . . .      SeeInvis +    A - +3 dagger (freeze)
rCold   . . .      Faith    .    L - +0 buckler "Tethered Water Diviner" {Comp, Bglg} (curse)
rNeg    . . .      Spirit   .    b - +0 robe
rPois   .          Reflect  .    c - +0 hat of Apeoromancy {Elem, Self} (curse)
rElec   .          Harm     .    x - +1 cloak
rCorr   .          Rampage  .    (no gloves)
Will    .....                    J - +0 pair of boots of the Chained Comet {Elem, Melee} (curse)
Stlth   +++.......               (no amulet)
HPRegen 0.32/turn                p - ring of wizardry
MPRegen 0.19/turn                Q - +6 ring of strength

@: no status effects
A: fangs 1, strong nose, distributed training
a: Renounce Religion, Curse Item, Shatter the Chains


You were on level 9 of the Dungeon.
You worshipped Ashenzari.
Ashenzari was pleased with you.
You visited 2 branches of the dungeon, and saw 10 of its levels.

You collected 522 gold pieces.
You spent 231 gold pieces at shops.

Inventory:

Hand Weapons
 a - a +4 short sword
 u - a +0 dagger of venom
 A - a +3 dagger of freezing (weapon)
 S - a +2 dagger of holy wrath
 T - a +4 scimitar of flaming
Missiles
 h - 28 poisoned darts (quivered)
Armour
 b - a +0 robe (worn)
 c - the cursed +0 hat of Apeoromancy (worn) {Elem, Self}

   It has a curse which improves the following skills: Elements: Fire Magic, Ice
   Magic, Air Magic and Earth Magic.
   Introspection: Fighting and Spellcasting.
 x - a +1 cloak (worn)
 J - the cursed +0 pair of boots of the Chained Comet (worn) {Elem, Melee}
   (You found it on level 4 of the Dungeon)

   It has a curse which improves the following skills: Elements: Fire Magic, Ice
   Magic, Air Magic and Earth Magic.
   Melee Combat: Short Blades, Long Blades, Axes, Maces & Flails, Polearms,
   Staves and Unarmed Combat.
 L - the cursed +0 buckler "Tethered Water Diviner" (worn) {Comp, Bglg}
   (You found it on level 5 of the Dungeon)

   It has a curse which improves the following skills: Companions: Summonings
   and Necromancy.
   Beguiling: Conjurations, Hexes and Translocations.
Jewellery
 p - a ring of wizardry (left hand)
 s - a ring of flight
 Q - a +6 ring of strength (right hand)
Wands
 r - a wand of iceblast (6)
 z - a wand of paralysis (11)
 K - a wand of quicksilver (9)
 R - a wand of mindburst (4)
Scrolls
 e - 6 scrolls of teleportation
 f - 4 scrolls of fear
 g - 6 scrolls of identify
 i - a scroll of poison
 j - a scroll of brand weapon
 k - a scroll of vulnerability
 l - 3 scrolls of enchant weapon
 t - 3 scrolls of blinking
 y - a scroll of enchant armour
 D - 2 scrolls of immolation
 F - 2 scrolls of silence
 H - a scroll of amnesia
 M - a scroll of fog
Potions
 d - 3 potions of magic
 m - 7 potions of curing
 n - a potion of brilliance
 o - 2 potions of lignification
 q - a potion of ambrosia
 v - 2 potions of resistance
 w - a potion of attraction
 B - a potion of cancellation
 C - a potion of heal wounds
 E - a potion of haste
 G - 3 potions of flight
 I - a potion of berserk rage
 N - 2 potions of might
 O - a potion of degeneration
 P - a potion of invisibility


   Skills:
 + Level 5.5(6.7) Fighting
 + Level 5.5(6.7) Short Blades
 + Level 5.5(6.7) Long Blades
 + Level 5.5(6.7) Axes
 + Level 5.5(6.7) Maces & Flails
 + Level 5.5(6.7) Polearms
 + Level 5.5(6.7) Staves
 + Level 5.5 Ranged Weapons
 + Level 5.5 Throwing
 + Level 5.5 Armour
 + Level 7.2 Dodging
 + Level 7.0 Stealth
 + Level 5.5 Shields
 + Level 5.5(6.7) Unarmed Combat
 + Level 9.1(10.3) Spellcasting
 + Level 5.1(6.3) Conjurations
 + Level 4.5(5.7) Hexes
 + Level 5.1(6.3) Summonings
 + Level 4.5(5.7) Necromancy
 + Level 5.1(6.3) Translocations
 + Level 4.5 Transmutations
 + Level 4.5(6.3) Fire Magic
 + Level 4.5(6.3) Ice Magic
 + Level 4.5(6.3) Air Magic
 + Level 4.5(6.3) Earth Magic
 + Level 4.5 Poison Magic
 + Level 6.0 Invocations
 + Level 5.5 Evocations


You had 19 spell levels left.
You knew the following spells:

 Your Spells              Type           Power      Damage    Failure   Level
a - Magic Dart            Conj           100%       1d8       1%          1
b - Blink                 Tloc           64%        N/A       1%          2
c - Mephitic Cloud        Conj/Pois/Air  30%        N/A       1%          3
d - Momentum Strike       Conj/Tloc      64%        3d9       1%          2
e - Call Imp              Summ           32%        N/A       1%          2

Your spell library contained the following spells:

 Spells                   Type           Power      Damage    Failure   Level
 Apportation              Tloc           64%        N/A       1%          1
 Kiss of Death            Conj/Necr      100%       2d13      1%          1
 Slow                     Hex            100%       N/A       1%          1
 Cigotuvi's Dreadful Rot  Necr/Pois/Air  58%        N/A       1%          2
 Poisonous Vapours        Pois/Air       56%        N/A       1%          2
 Confusing Touch          Hex            30%        N/A       1%          3
 Dazzling Flash           Conj/Hex       62%        N/A       1%          3
 Lesser Beckoning         Tloc           64%        N/A       1%          3
 Tukima's Dance           Hex            30%        N/A       1%          3
 Passage of Golubria      Tloc           32%        N/A       2%          4
 Dispel Undead            Necr           30%        3d14      3%          4
 Silence                  Hex/Air        15%        N/A       9%          5
 Agony                    Necr           30%        N/A       11%         5
 Yara's Violent Unravell  Hex/Tmut       13%        3d7       13%         5
 Alistair's Intoxication  Tmut/Pois      16%        N/A       16%         5


Dungeon Overview and Level Annotations

Branches:
Dungeon (9/15)             Temple (1/1) D:5
   Lair: D:8-11         Orc: D:9-12

Altars:
Ashenzari
Cheibriados
Elyvilon
Fedhas
Hepliaklqana
Kikubaaqudgha
Makhleb
Nemelex Xobeh
Okawaru
Qazlal
Ru
Sif Muna
Trog
Uskayaw
Wu Jian
Xom
Yredelemnul
Zin
The Shining One

Shops:
D:3 !=

Annotations:
D:5 3 runed translucent doors, Lobster4's ghost, novice HOWn
D:6 1 runed translucent door, oldriver's ghost, novice HuHW


Innate Abilities, Weirdness & Mutations

You have very sharp teeth.
Your uncanny sense of smell can sniff out nearby items.
Your experience applies equally to all skills.


Message History

Okay, then.
You cannot move.
Unknown command.
You cannot move.
You cannot move.
The vampire hits you!
The vampire bites you but does no damage.
The vampire hits you! The vampire bites you.
The vampire draws strength from your injuries!
You cannot move.
There are monsters nearby!
You hit the vampire.
The vampire is lightly damaged.
The vampire hits you. The vampire barely misses you.
You hit the vampire but do no damage.
The vampire is lightly damaged.
You are no longer robbed of momentum.
The howler monkey hoots and howls with incredible vigour!
The vampire hits you!
* * * LOW HITPOINT WARNING * * *
The vampire bites you.
* * * LOW HITPOINT WARNING * * *
The vampire draws strength from your injuries!
Unknown command.
The vampire attacks as you move away! You block the vampire's attack.
The vampire closely misses you.
Casting: Momentum Strike (safe; 1% risk of failure)
Confirm with . or Enter, or press ? or * to list all spells.
A beastly little devil appears in a puff of flame.
The howler monkey hits your crimson imp.
The howler monkey barely misses your crimson imp.
You block the vampire's attack. The vampire bites you!
* * * LOW HITPOINT WARNING * * *
The vampire draws strength from your injuries!
The vampire attacks as you move away! The vampire closely misses you.
The vampire misses you. The vampire attacks as you move away!
The vampire hits you!
* * * LOW HITPOINT WARNING * * *
The vampire bites you.
You die...

.###...###.#.## ,
.#.# *
.'............# *
** *.#'###.,
.###...######.###
...D... * .# #...#
#...## *....... ##
#...# ###..#
....... #...#
##.#######.......
#####
#†##.h)h.(..(...
###.##.#####......
#.[@##...# .....
#..†V5.#.# ,....
#...##...## ...
#...####..##, ..
#...# #...# . ,
#...# #.#......V,
##### #.####..##
#.# *.# #######.#
#


You could see a vampire (ally target) and a friendly crimson imp (summoned).

Vanquished Creatures
  Erica (D:9)
  9 yaks
  A vampire (D:9)
  A steam dragon (D:8)
  Menkaure (D:6)
  3 orc warriors
  2 sky beasts
  2 black bears
  An ogre (D:5)
  A phantom (D:4)
  4 centaurs
  3 kobold brigands
  A scorpion (D:5)
  3 howler monkeys
  A hound (D:6)
  4 jellies
  3 orc priests
  Crazy Yiuf (D:2)
  4 iguanas
  Ijyb (D:3)
  8 orc wizards
  6 adders
  6 gnolls
  A shadow imp (D:7)
  A white imp (D:7)
  A worm (D:2)
  2 dart slugs
  19 orcs
  2 ball pythons
  3 bats (D:1)
  4 endoplasms
  7 goblins
  5 hobgoblins
  6 jackals
  A quokka (D:1)
  2 frilled lizards
  24 kobolds
  7 rats
152 creatures vanquished.

Vanquished Creatures (collateral kills)
  A kobold brigand (D:8)
  A necrophage (D:7)
  A gnoll bouda (D:6)
  An orc wizard (D:7)
  2 gnolls
  2 orcs (D:8)
  2 kobolds (D:8)
10 creatures vanquished.

Vanquished Creatures (others)
  A jelly (D:4)
  3 iguanas
  An orc wizard (D:8)
  A gnoll (D:3)
  2 kobolds (D:8)
  A fungus (D:5)
  13 plants
  4 toadstools (D:1)
26 creatures vanquished.

Grand Total: 188 creatures vanquished

Notes
Turn   | Place    | Note
-------+----------+-------------------------------------------
     0 | D:1      | McGhostyFace the Gnoll Hedge Wizard began the quest for the
                  | Orb.
     0 | D:1      | Reached XP level 1. HP: 13/13 MP: 8/8
   352 | D:1      | Reached XP level 2. HP: 19/19 MP: 6/10
  1062 | D:2      | Learned a level 2 spell: Blink
  1334 | D:2      | Found a runed translucent door.
  1335 | D:2      | Noticed Crazy Yiuf
  1354 | D:2      | Reached XP level 3. HP: 25/25 MP: 8/11
  1501 | D:2      | Found a faded altar of an unknown god.
  1708 | D:2      | Reached skill level 1 in Invocations
  2138 | D:2      | Learned a level 3 spell: Mephitic Cloud
  2145 | D:2      | Killed Crazy Yiuf
  2146 | D:2      | Reached skill level 1 in Fighting
  2146 | D:2      | Reached skill level 1 in Short Blades
  2146 | D:2      | Reached skill level 1 in Long Blades
  2146 | D:2      | Reached skill level 1 in Axes
  2146 | D:2      | Reached skill level 1 in Maces & Flails
  2146 | D:2      | Reached skill level 1 in Polearms
  2146 | D:2      | Reached skill level 1 in Staves
  2146 | D:2      | Reached skill level 1 in Ranged Weapons
  2146 | D:2      | Reached skill level 1 in Throwing
  2146 | D:2      | Reached skill level 1 in Armour
  2146 | D:2      | Reached skill level 1 in Shields
  2146 | D:2      | Reached skill level 1 in Unarmed Combat
  2146 | D:2      | Reached skill level 1 in Evocations
  2146 | D:2      | Reached XP level 4. HP: 22/32 MP: 5/13
  2205 | D:2      | Learned a level 2 spell: Momentum Strike
  2337 | D:3      | Found Rimekamu's Jewellery Boutique.
  2343 | D:3      | Reached skill level 1 in Hexes
  2343 | D:3      | Reached skill level 1 in Necromancy
  2343 | D:3      | Reached skill level 1 in Transmutations
  2343 | D:3      | Reached skill level 1 in Fire Magic
  2343 | D:3      | Reached skill level 1 in Ice Magic
  2343 | D:3      | Reached skill level 1 in Air Magic
  2343 | D:3      | Reached skill level 1 in Earth Magic
  2343 | D:3      | Reached skill level 1 in Poison Magic
  2720 | D:3      | Noticed Ijyb
  2720 | D:3      | Paralysed by Ijyb for 5 turns
  2735 | D:3      | Killed Ijyb
  2736 | D:3      | Reached XP level 5. HP: 15/37 MP: 5/14
  2943 | D:3      | Found Lejupt's Distillery.
  2966 | D:3      | Bought a potion of heal wounds for 55 gold pieces
  3497 | D:3      | Bought a potion of curing for 33 gold pieces
  3497 | D:3      | Bought a potion of haste for 110 gold pieces
  3497 | D:3      | Bought a potion of curing for 33 gold pieces
  3708 | D:4      | Reached XP level 6. HP: 23/44 MP: 6/16
  4043 | D:4      | Reached skill level 5 in Dodging
  4281 | D:5      | Entered Level 5 of the Dungeon
  4292 | D:5      | Noticed a black bear
  4442 | D:4      | Killed a black bear
  4785 | D:5      | Learned a level 2 spell: Call Imp
  4911 | D:5      | Reached XP level 7. HP: 51/51 MP: 10/18
  5014 | D:5      | Reached skill level 5 in Stealth
  5117 | D:5      | Found a staircase to the Ecumenical Temple.
  5149 | Temple   | Entered the Ecumenical Temple
  5289 | Temple   | Became a worshipper of Ashenzari the Shackled
  5399 | D:5      | Found a runed translucent gate.
  5400 | D:5      | Found a runed translucent gate.
  5401 | D:5      | Found a runed translucent gate.
  5404 | D:5      | Noticed Lobster4's ghost (novice HOWn)
  6031 | D:6      | Noticed a yak
  6031 | D:6      | Noticed a yak
  6031 | D:6      | Noticed a yak
  6031 | D:6      | Noticed a yak
  6069 | D:6      | Reached XP level 8. HP: 53/55 MP: 19/19
  6361 | D:5      | Reached skill level 8 in Spellcasting
  6795 | D:6      | Reached * piety under Ashenzari
  6817 | D:6      | Found a runed translucent door.
  6818 | D:6      | Noticed oldriver's ghost (novice HuHW)
  6818 | D:6      | Noticed a two-headed ogre
  6954 | D:6      | Noticed a yak
  6978 | D:6      | Killed a yak
  6980 | D:6      | Killed a yak
  6983 | D:6      | Killed a yak
  6984 | D:6      | Reached XP level 9. HP: 31/67 MP: 3/22
  7257 | D:6      | Noticed Menkaure
  7265 | D:6      | Killed Menkaure
  7456 | D:6      | Identified the +2 morningstar of the Revolution {flame,
                  | Fragile Fly Dex+4}
  7963 | D:7      | Reached skill level 5 in Invocations
  8533 | D:7      | Found a glowing golden altar of the Shining One.
  8706 | D:7      | Found a shimmering altar of Xom.
  8748 | D:7      | Found an iron altar of Okawaru.
  8907 | D:8      | Reached skill level 5 in Fighting
  8907 | D:8      | Reached skill level 5 in Short Blades
  8907 | D:8      | Reached skill level 5 in Long Blades
  8907 | D:8      | Reached skill level 5 in Axes
  8907 | D:8      | Reached skill level 5 in Maces & Flails
  8907 | D:8      | Reached skill level 5 in Polearms
  8907 | D:8      | Reached skill level 5 in Staves
  8907 | D:8      | Reached skill level 5 in Ranged Weapons
  8907 | D:8      | Reached skill level 5 in Throwing
  8907 | D:8      | Reached skill level 5 in Armour
  8907 | D:8      | Reached skill level 5 in Shields
  8907 | D:8      | Reached skill level 5 in Unarmed Combat
  8907 | D:8      | Reached skill level 5 in Evocations
  8907 | D:8      | Reached XP level 10. HP: 63/76 MP: 15/23
  9019 | D:8      | Reached ** piety under Ashenzari
  9046 | D:8      | Found a blossoming altar of Fedhas.
 10281 | D:8      | Found a white marble altar of Elyvilon.
 10281 | D:8      | Found a sacrificial altar of Ru.
 10288 | D:8      | Found a stormy altar of Qazlal.
 10290 | D:8      | Found a hazy altar of Hepliaklqana.
 10292 | D:8      | Found a hide-covered altar of Uskayaw.
 10581 | D:9      | Identified the cursed +0 hat of Apeoromancy {Elem, Self}
 10581 | D:9      | Identified the cursed +0 pair of boots of the Chained Comet
                  | {Elem, Melee} (You found it on level 4 of the Dungeon)
 10827 | D:9      | Reached skill level 9 in Spellcasting
 11016 | D:9      | Noticed Erica
 11025 | D:9      | Killed Erica
 11026 | D:9      | Reached skill level 5 in Conjurations
 11026 | D:9      | Reached skill level 5 in Summonings
 11026 | D:9      | Reached skill level 5 in Translocations
 11172 | D:9      | HP: 1/77 [vampire (11)]
 11172 | D:9      | Slain by a vampire

Illustrated notes

Levels and vault maps discovered:
D:1:      ldierk_walled_garden_2, layout_basic
D:2:      layout_loops_ring, shapermc_ecumenical_altar_venn,
          lexackson_kobold_supper, uniq_crazy_yiuf_cottage
D:3:      wander_river, layout_basic, serial_shops, shop, nicolae_shop_stone,
          kennysheep_generic_room_8, uniq_ijyb
D:4:      layout_gridville, minmay_fountain_box, chequers_serial_rivers_micro_d
D:5:      layout_basic, minmay_temple_entry_antechambers,
          gammafunk_ghost_nasty_kobolds
D:6:      layout_loops_corners, ebering_ghost_inner_flame, nicolae_titane,
          uniq_menkaure
D:7:      layout_rooms, xom_teletrap_fun,
          hellmonk_okawaru_the_only_friend_you_need, tso_metal_star
D:8:      layout_rooms, chequers_temple_overflow_minitemple,
          fedhas_bush_and_centaur_altar, serial_co_window_serial,
          co_window_paths_a, co_window_paths_a, co_window_paths_a,
          co_window_of_opportunity_a, co_window_cross_1, co_window_corner_a,
          co_window_corner_a, co_window_paths_b, co_window_corner_a,
          co_window_cross_4, co_window_2corner, co_window_2corner,
          co_window_broadway_c, co_window_4corner_b, glass_columns_c,
          glass_columns_b, glass_columns_a, glass_columns_a
D:9:      layout_basic, minmay_crystal_room, uniq_erica
Temple:   bh_familiar_temple

Skill      XL: |  1  2  3  4  5  6  7  8  9 10 |
---------------+-------------------------------+-----
Conjurations   | 2 3 4 5 |  5.1
Summonings     | 2 3 4 5 |  5.1
Translocations | 2 3 4 5 |  5.1
Invocations    | 1 2 3 4 5 6 |  6.0
Fighting       | 1 2 3 4 5 |  5.5
Short Blades   | 1 2 3 4 5 |  5.5
Long Blades    | 1 2 3 4 5 |  5.5
Axes           | 1 2 3 4 5 |  5.5
Maces & Flails | 1 2 3 4 5 |  5.5
Polearms       | 1 2 3 4 5 |  5.5
Staves         | 1 2 3 4 5 |  5.5
Ranged Weapons | 1 2 3 4 5 |  5.5
Throwing       | 1 2 3 4 5 |  5.5
Armour         | 1 2 3 4 5 |  5.5
Shields        | 1 2 3 4 5 |  5.5
Unarmed Combat | 1 2 3 4 5 |  5.5
Evocations     | 1 2 3 4 5 |  5.5
Hexes          | 1 2 3 4 |  4.5
Necromancy     | 1 2 3 4 |  4.5
Transmutations | 1 2 3 4 |  4.5
Fire Magic     | 1 2 3 4 |  4.5
Ice Magic      | 1 2 3 4 |  4.5
Air Magic      | 1 2 3 4 |  4.5
Earth Magic    | 1 2 3 4 |  4.5
Poison Magic   | 1 2 3 4 |  4.5
Dodging        | 5 6 7 |  7.2
Stealth        | 5 6 7 |  7.0
Spellcasting   | 8 9 |  9.1

Action                   |  1- 3 |  4- 6 |  7- 9 | 10-12 || total
-------------------------+-------+-------+-------+-------++-------
Melee: Dagger            |    18 |    72 |   208 |   108 ||   406
       Bite              |     1 |     5 |    22 |    24 ||    52
       Punch             |       |     3 |     1 |       ||     4
Throw: Dart              |       |     7 |       |    23 ||    30
 Cast: Magic Dart        |    73 |    75 |    72 |    23 ||   243
       Mephitic Cloud    |     1 |     7 |    28 |    13 ||    49
       Momentum Strike   |       |     9 |     2 |     4 ||    15
       Blink             |       |     4 |     4 |       ||     8
       Call Imp          |       |     1 |    26 |     5 ||    32
Invok: Curse Item        |       |       |     2 |     1 ||     3
Evoke: Wand              |       |       |    22 |     2 ||    24
  Use: Potion            |       |       |     1 |     2 ||     3
 Stab: Confused          |     2 |     3 |     8 |     7 ||    20
       Sleeping          |       |     1 |     3 |       ||     4
       Distracted        |       |     1 |     2 |       ||     3
Armor: Robe              |     5 |    24 |    42 |    17 ||    88
       Skin              |       |       |       |     4 ||     4
Dodge: Dodged            |    28 |    50 |   112 |    73 ||   263
Block: Buckler           |       |       |    33 |    18 ||    51

Table legend: (Time is in decaauts)
 A = Elapsed time spent in this place.
 B = Non-inter-level travel time spent in this place.
 C = Inter-level travel time spent in this place.
 D = Time resting spent in this place.
 E = Time spent auto-exploring this place.
 F = Levels seen in this place.
 G = Mean time per level.
                   A        B        C        D        E       F      G
               +--------+--------+--------+--------+--------+-----+--------+
         Total |  11140 |  10754 |    386 |   3126 |   5649 |  10 | 1114.0 |
       Dungeon |  10978 |  10612 |    366 |   3126 |   5516 |   9 | 1219.8 |
        Temple |    161 |    141 |     20 |      0 |    133 |   1 |  161.0 |
               +--------+--------+--------+--------+--------+-----+--------+

Top non-repeatable levels by time:
     D:6: 1930 daAuts
     D:8: 1595 daAuts
     D:2: 1257 daAuts
     D:5: 1216 daAuts
     D:3: 1216 daAuts
     D:4: 1084 daAuts
     D:1: 1060 daAuts
     D:7: 956 daAuts
     D:9: 659 daAuts
  Temple: 161 daAuts
